 Dungeon Crawl Stone Soup version 0.30-a0-1016-gfb0d676c02 (webtiles) character file.

Game seed: 11106407473559192733

10687 scionoferis the Slicer (level 11, -3/62 HPs)
             Began as a Vine Stalker Brigand on Apr 6, 2023.
             Was an Elder of Uskayaw.
             Slain by a yak (10 damage)
             ... on level 10 of the Dungeon.
             The game lasted 00:33:53 (8746 turns).

scionoferis the Slicer (Vine Stalker Brigand)       Turns: 8746, Time: 00:33:54

Health: -3/62      AC: 11    Str: 18    XL:     11   Next: 66%
Magic:  0/19       EV:  9    Int: 11    God:    Uskayaw [****..]
Gold:   822        SH:  0    Dex: 16    Spells: 10/10 levels left

rFire   + . .      SeeInvis .    a - +2 short sword (elec)
rCold   . . .      Faith    .    (no shield)
rNeg    . . .      Spirit   +    E - +2 chain mail {rF+}
rPois   .          Reflect  .    y - +0 hat {Will+}
rElec   .          Rampage  .    K - scarf {repulsion}
rCorr   .                        W - +0 pair of gloves
Will    ++++.                    q - +2 pair of boots Stlth
                                 z - amulet of regeneration
HPRegen 1.90/turn                v - ring of willpower
MPRegen 0.16/turn                F - ring of willpower

@: about to teleport, corroded, repel missiles
A: fangs 3, regeneration 1, magic shield, antimagic bite, no potion heal 2
a: Renounce Religion, Stomp, Line Pass


You were on level 10 of the Dungeon.
You worshipped Uskayaw.
Uskayaw was aware of your devotion.
You visited 1 branch of the dungeon, and saw 10 of its levels.

You collected 822 gold pieces.


Innate Abilities, Weirdness & Mutations

You have razor-sharp teeth.
Your natural rate of healing is unusually fast.
When hurt, damage is shared between your health and your magic reserves.
Your bite disrupts and absorbs the magic of your enemies.
Potions cannot restore your health.


   Skills:
 + Level 9.0 Fighting
 - Level 10.0 Short Blades
 - Level 1.7 Throwing
 + Level 2.6 Armour
 + Level 2.8 Dodging
 - Level 5.0 Stealth
 + Level 2.7 Unarmed Combat
 + Level 9.6 Invocations


You had 10 spell levels left.
You didn't know any spells.
Your spell library contained the following spells:

 Spells                   Type           Power      Damage    Failure   Level
 Slow                     Hex            0%         N/A       98%         1
 Confusing Touch          Hex            0%         N/A       100%        3
 Dazzling Flash           Conj/Hex       0%         N/A       100%        3
 Frozen Ramparts          Ice            0%         1d1       100%        3
 Ozocubu's Armour         Ice            0%         N/A       100%        3
 Vampiric Draining        Necr           0%         2d6       100%        3
 Volatile Blastmotes      Fire/Tloc      0%         2d10      100%        3
 Ice Form                 Ice/Tmut       0%         N/A       100%        4
 Iskenderun's Mystic Bla  Conj/Tloc      0%         2d3       100%        4
 Summon Ice Beast         Ice/Summ       0%         N/A       100%        4
 Agony                    Necr           0%         N/A       100%        5
 Silence                  Hex/Air        0%         N/A       100%        5
 Starburst                Conj/Fire      0%         6d3       100%        6
 Ozocubu's Refrigeration  Ice            0%         4d7       100%        7

Inventory:

Hand Weapons
 a - a +2 short sword of electrocution (weapon)
   (You took it off Duvessa on level 7 of the Dungeon)
 b - the +4 short sword "Eshon" {freeze, *Corrode rF+ SInv}
   (You found it on level 8 of the Dungeon)

   rF:        It protects you from fire.
   SInv:      It lets you see invisible.
   *Corrode:  It may corrode you when you take damage.
 k - a +2 dagger of electrocution
   (You took it off an orc wizard on level 9 of the Dungeon)
 A - a +1 antimagic short sword
   (You took it off a kobold on level 3 of the Dungeon)
 S - a +0 dagger of speed
   (You took it off Dowan on level 7 of the Dungeon)
 T - a +5 dagger
   (You took it off a wight on level 7 of the Dungeon)
 V - a +1 sling of freezing
   (You found it on level 7 of the Dungeon)
Missiles
 d - 17 poisoned darts (quivered)
 e - 7 curare-tipped darts
 Q - 3 silver boomerangs
Armour
 q - a +2 pair of boots (worn)
   (You found it on level 2 of the Dungeon)
 y - a +0 hat of willpower (worn)
   (You took it off Gastronok on level 8 of the Dungeon)
 E - a +2 chain mail of fire resistance (worn)
   (You found it on level 7 of the Dungeon)
 K - a scarf of repulsion (worn)
   (You found it on level 5 of the Dungeon)
 W - a +0 pair of gloves (worn)
   (You found it on level 2 of the Dungeon)
Jewellery
 v - a ring of willpower (left hand)
   (You found it on level 3 of the Dungeon)
 z - an amulet of regeneration (around neck)
   (You found it on level 3 of the Dungeon)
 D - a ring of see invisible
   (You found it on level 6 of the Dungeon)
 F - a ring of willpower (right hand)
   (You found it on level 5 of the Dungeon)
Wands
 i - a wand of digging (4)
   (You found it on level 10 of the Dungeon)
 l - a wand of charming (18)
   (You found it on level 1 of the Dungeon)
 o - a wand of iceblast (18)
   (You found it on level 2 of the Dungeon)
 J - a wand of mindburst (20)
   (You found it on level 5 of the Dungeon)
 O - a wand of quicksilver (17)
   (You found it on level 6 of the Dungeon)
 P - a wand of flame (9)
   (You found it on level 7 of the Dungeon)
Scrolls
 c - a scroll of enchant armour
 m - 2 scrolls of vulnerability
 n - a scroll of blinking {unknown}
 s - 3 scrolls of magic mapping
 t - 3 scrolls of amnesia
 C - a scroll of silence
 I - 4 scrolls of teleportation
 L - a scroll of fog
Potions
 f - a potion of berserk rage {unknown}
 g - 3 potions of haste {unknown}
 h - a potion of cancellation {unknown}
 j - 2 potions of mutation {unknown}
 p - 2 potions of attraction {unknown}
 r - 3 potions of degeneration {unknown}
 w - 3 potions of ambrosia {unknown}
 B - 2 potions of resistance {unknown}
 H - 2 potions of flight {unknown}
 N - 3 potions of brilliance {unknown}
 U - 2 potions of curing

Dungeon Overview and Level Annotations

Branches:
Dungeon (10/15)            Temple (0/1) D:4            Lair (0/5) D:8
    Orc: D:9-12

Altars:
Gozag
Hepliaklqana
Kikubaaqudgha
Okawaru
Qazlal
Trog
Uskayaw
Zin

Shops:
D:8 (

Annotations:
D:7 2 runed translucent doors, Danienth's ghost, novice DsGl
D:9 3 runed translucent doors, exclusion: 3 doors, HHeCNeOSiFe's ghost, journeyman VSBe; Iniera's ghost, novice DgCj; LobsterGuardian's ghost, novice NaWr; Zonian's ghost, novice VSGl; turdburglar's ghost, journeyman GrRe
D:10 1 transporter, hwolsky's ghost, novice DrCj

##########..#####.............
######.########.#####.....
#............##.# ....#
#............##D#
#................
#............##.#
####.........# .#
##.........##.#
....©....@.#..#
...#####..YY#.#
.###...###..Y.####..## #.T.
##..Y.†...... ##..
#...##†..... #. ##.... ...#.
y#..... .## #T#[..##.##
...#...# #


You could see 4 yaks.


Message History

You drop a scroll of noise.
You drop a scroll of enchant weapon.
You drop an amulet of reflection.
Okay, then.
Items here: " ??? [[[.
You drop a potion of curing.
Okay, then.
Items here: ! " ??? [[[.
U - a potion of curing It was a potion of heal wounds.
That seemed strangely inert.
Items here: " ??? [[[.
You drop 3 potions of heal wounds.
Done exploring.
You see here a +0 shortbow.
There is a stone staircase leading down here.
You climb downwards.
There is a stone staircase leading up here.
The wight hits you but does no damage.
You climb upwards.
There is a stone staircase leading down here.
You hit the wight.
The wight is lightly damaged.
You barely miss the wight. You bite the wight. You drain its power.
The wight is heavily damaged.
The wight hits you with a +3 halberd of freezing.
You feel drained. The wight freezes you.
You hit the wight. Lightning courses through the wight!
You destroy the wight!
Your life force feels restored.
No target in view!
No target in view!
Things that are here:
a +3 halberd of freezing; a +0 robe HP restored.
There is a stone staircase leading down here.
You start resting.
Magic restored.
You climb downwards.
The two-headed ogre shouts in stereo!
There is a stone staircase leading up here.
Throw: 7 darts (curare)
Press: ? - help, Q - select action, (/) - cycle Shift-Dir - straight line, f - two-headed ogre
Aim: a two-headed ogre, wielding a +0 giant spiked club and a +0 giant club (77% to hit)
You throw a curare-tipped dart.
The curare-tipped dart closely misses the two-headed ogre.
The two-headed ogre hits you with a +0 giant spiked club!!
The two-headed ogre hits you with a +0 giant club!
Throw: 6 darts (curare)
Press: ? - help, Q - select action, (/) - cycle Shift-Dir - straight line, f/p - two-headed ogre
Aim: a two-headed ogre, wielding a +0 giant spiked club and a +0 giant club (77% to hit)
You throw a curare-tipped dart.
The curare-tipped dart hits the two-headed ogre.
The two-headed ogre is poisoned.
The two-headed ogre convulses.
The two-headed ogre seems to slow down.
The two-headed ogre is lightly wounded.
You hit the two-headed ogre.
The two-headed ogre is moderately wounded.
The two-headed ogre hits you with a +0 giant spiked club!
* * * LOW HITPOINT WARNING * * *
The two-headed ogre hits you with a +0 giant club!
* * * LOW HITPOINT WARNING * * *
You hit the two-headed ogre. Your bite misses the two-headed ogre.
The two-headed ogre is moderately wounded.
You can now pass through a line of other dancers.
You hit the two-headed ogre.
Lightning courses through the two-headed ogre!
The two-headed ogre is severely wounded.
You puncture the two-headed ogre!
The two-headed ogre is severely wounded.
You hit the two-headed ogre. You bite the two-headed ogre! You drain its power.
You feel invigorated.
The two-headed ogre is almost dead.
Uskayaw will force your foes to helplessly watch your dance.
Uskayaw prepares the audience for your solo!
The helpless two-headed ogre fails to defend itself.
You stick the two-headed ogre like a pincushion!!!
Lightning courses through the two-headed ogre!!
You kill the two-headed ogre!
Training target 5.0 for Stealth reached!
Your Armour skill increases to level 1!
Your Dodging skill increases to level 1!
Your Stealth skill increases to level 5!
Your Invocations skill increases to level 9!
You climb upwards.
There is a stone staircase leading down here.
You start resting.
HP restored.
You start resting.
Magic restored.
You climb downwards.
There is a stone staircase leading up, spattered with blood here.
e - 6 curare-tipped darts (gained 1)
Things that are here:
a +0 giant club; a +0 giant spiked club
e - 7 curare-tipped darts (gained 1)
Found a stone staircase leading down.
A bullfrog comes into view.
The bullfrog croaks.
You puncture the bullfrog!
The bullfrog is moderately wounded.
The bullfrog hits you.
You hit the bullfrog. Your bite misses the bullfrog.
The bullfrog is heavily wounded.
The bullfrog hits you.
You hit the bullfrog.
The bullfrog is severely wounded.
The bullfrog hits you.
You closely miss the bullfrog. You bite the bullfrog. You drain its power.
You feel invigorated.
The bullfrog is severely wounded.
You hit the bullfrog. Your bite misses the bullfrog.
The bullfrog is almost dead.
The bullfrog hits you.
You can now pass through a line of other dancers.
You closely miss the bullfrog.
The bullfrog is almost dead.
The bullfrog hits you.
You hit the bullfrog.
You kill the bullfrog!
HP restored.
Magic restored.
I - 5 scrolls labelled GUAXECL TYIM (gained 1)
I - 6 scrolls labelled GUAXECL TYIM (gained 1)
An orc warrior comes into view.
It is wielding a +0 long sword of holy wrath.
The orc warrior shouts!
You hear an angry buzzing noise.
An orc wizard comes into view.
It is wielding a +2 dagger of distortion.
An orc comes into view. It is wielding a +0 club.
There is a stone staircase leading up, spattered with blood here.
A killer bee comes into view.
The killer bee moves out of view.
The orc warrior closely misses you.
You climb upwards.
There is a stone staircase leading down here.
You hit the orc warrior but do no damage.
Lightning courses through the orc warrior!
You bite the orc warrior, but do no damage.
The orc warrior is moderately wounded.
The orc warrior hits you with a +0 long sword of holy wrath!
You hit the orc warrior.
The orc warrior is heavily wounded.
You barely miss the orc warrior. Your bite misses the orc warrior.
The orc warrior is heavily wounded.
The orc warrior hits you but does no damage.
You closely miss the orc warrior.
The orc warrior is heavily wounded.
You barely miss the orc warrior. You bite the orc warrior. You drain its power.
You feel invigorated.
The orc warrior is severely wounded.
The orc warrior hits you with a +0 long sword of holy wrath.
You can now pass through a line of other dancers.
You hit the orc warrior. You bite the orc warrior. You drain its power.
You feel invigorated.
The orc warrior is almost dead.
You hit the orc warrior but do no damage.
You bite the orc warrior, but do no damage.
The orc warrior is almost dead.
The orc warrior hits you but does no damage.
You hit the orc warrior but do no damage.
The orc warrior is almost dead.
You closely miss the orc warrior.
The orc warrior is almost dead.
The orc warrior completely misses you.
You closely miss the orc warrior.
The orc warrior is almost dead.
You hit the orc warrior but do no damage.
You bite the orc warrior. You drain its power.
The orc warrior is almost dead.
The orc warrior barely misses you.
You hit the orc warrior but do no damage.
You bite the orc warrior. You drain its power.
The orc warrior is almost dead.
You hit the orc warrior but do no damage.
You bite the orc warrior, but do no damage.
The orc warrior is almost dead.
The orc warrior closely misses you.
You hit the orc warrior.
You kill the orc warrior!
No target in view!
Things that are here:
a +0 long sword of holy wrath; a +0 plate armour
There is a stone staircase leading down here.
You climb downwards.
There is a stone staircase leading up, spattered with blood here.
The orc shouts!
Throw: 17 darts (poison)
Press: ? - help, Q - select action, (/) - cycle Shift-Dir - straight line, f - orc wizard
Aim: an orc wizard, wielding a +2 dagger of distortion and wearing a +0 robe (58% to hit)
You throw a poisoned dart. The poisoned dart hits the orc wizard.
The orc wizard is poisoned.
The orc wizard points at you and mumbles some strange words.
The puff of flame misses you.
A killer bee comes into view.
Throw: 16 darts (poison)
Press: ? - help, Q - select action, (/) - cycle Shift-Dir - straight line, f/p - orc wizard
Aim: an orc wizard, wielding a +2 dagger of distortion and wearing a +0 robe (poisoned, 58% to hit)
You throw a poisoned dart. The poisoned dart hits the orc wizard.
The orc wizard looks even sicker.
The killer bee buzzes angrily.
You hear an angry buzzing noise.
A killer bee comes into view.
You hear a shout!
You can no longer pass through a line of other dancers.
Throw: 15 darts (poison)
Press: ? - help, Q - select action, (/) - cycle Shift-Dir - straight line, f/p - orc wizard
Aim: an orc wizard, wielding a +2 dagger of distortion and wearing a +0 robe (moderately wounded, very poisoned, 58% to hit)
You throw a poisoned dart. The poisoned dart hits the orc wizard.
The orc wizard looks even sicker.
The orc wizard is moderately wounded.
Throw: 14 darts (poison)
Press: ? - help, Q - select action, (/) - cycle Shift-Dir - straight line, f/p - orc wizard
Aim: an orc wizard, wielding a +2 dagger of distortion and wearing a +0 robe (moderately wounded, very poisoned, 58% to hit)
You throw a poisoned dart. The poisoned dart hits the orc wizard.
The orc wizard is moderately wounded.
The orc wizard gestures at you while chanting.
The magic dart hits you but does no damage.
Throw: 13 darts (poison)
Press: ? - help, Q - select action, (/) - cycle Shift-Dir - straight line, f/p - orc wizard
Aim: an orc wizard, wielding a +2 dagger of distortion and wearing a +0 robe (moderately wounded, very poisoned, 58% to hit)
You throw a poisoned dart.
The poisoned dart closely misses the orc wizard.
The killer bee barely misses you. The killer bee stings you.
The killer bee closely misses you. The killer bee stings you.
You are poisoned.
The killer bee poisons you!
You climb upwards.
You feel sick.
There is a stone staircase leading down here.
You closely miss the killer bee. You bite the killer bee. You drain its power.
You feel invigorated.
The killer bee is lightly wounded.
You feel sick.
The killer bee stings you but does no damage. x2
You closely miss the killer bee. You bite the killer bee. You drain its power.
The killer bee is heavily wounded.
The killer bee stings you but does no damage.
The killer bee misses you.
You barely miss the killer bee.
The killer bee is heavily wounded.
You feel sick. The killer bee stings you.
The killer bee stings you but does no damage.
You puncture the killer bee!
The killer bee is almost dead.
The killer bee stings you. x2
You barely miss the killer bee. You bite the killer bee.
You kill the killer bee!
You feel sick. The killer bee closely misses you.
You closely miss the killer bee. You bite the killer bee! You drain its power.
You feel invigorated.
The killer bee is heavily wounded.
The killer bee stings you.
You are more poisoned.
The killer bee poisons you!
You can now pass through a line of other dancers.
You hit the killer bee.
Lightning courses through the killer bee!
You kill the killer bee!
You feel sick.
No target in view!
You start resting.
You feel sick. x6
You are no longer poisoned.
You start resting.
HP restored.
You climb downwards.
The orc hits you but does no damage.
The orc wizard casts a spell.
The orc wizard flickers and vanishes!
Deactivating autopickup; reactivate with Ctrl-A.
The orc hits you but does no damage. Something hits you but does no damage.
Space warps around you.
There is a stone staircase leading up, spattered with blood here.
You closely miss something. You bite something. You drain its magic.
You feel invigorated.
You hit something. Your bite misses something.
Something hits you but does no damage. Space warps around you.
The orc hits you but does no damage.
You hit something. You closely miss something. Your bite misses something.
The orc hits you but does no damage.
You closely miss something. You puncture something!
Reactivating autopickup.
You feel a bit more experienced. The orc completely misses you.
You hit the orc. Lightning courses through the orc!
You kill the orc!
You see here a +0 club.
Items here: ))) [ †.
Okay, then.
Unknown command.
An orc wizard comes into view. It is wielding a +0 dagger.
The orc wizard shouts!
The orc wizard points at you and mumbles some strange words.
The puff of flame hits you but does no damage.
The killer bee buzzes angrily.
A killer bee comes into view.
You see here a poisoned dart.
Items here: ))) [ †.
The orc wizard mumbles some strange words.
The orc wizard flickers and vanishes!
Deactivating autopickup; reactivate with Ctrl-A.
There is a stone staircase leading up, spattered with blood here.
The killer bee closely misses you. The killer bee stings you.
You climb upwards.
Reactivating autopickup.
There is a stone staircase leading down here.
You closely miss the killer bee. Your bite misses the killer bee.
The killer bee stings you but does no damage.
You hit the killer bee.
The killer bee is lightly wounded.
The killer bee stings you but does no damage.
You closely miss the killer bee. Your bite misses the killer bee.
The killer bee is lightly wounded.
The killer bee stings you but does no damage.
You closely miss the killer bee. Your bite misses the killer bee.
The killer bee is lightly wounded.
The killer bee stings you but does no damage.
You puncture the killer bee!
Lightning courses through the killer bee!
You kill the killer bee!
No target in view!
You start resting.
Magic restored.
You climb downwards.
The killer bee closely misses you. The killer bee stings you!
The killer bee stings you but does no damage.
There is a stone staircase leading up, spattered with blood here.
The killer bee stings you but does no damage.
The killer bee barely misses you.
You climb upwards.
There is a stone staircase leading down here.
You hit the killer bee.
The killer bee is lightly wounded.
The killer bee stings you.
You are poisoned.
The killer bee poisons you!
You miss the killer bee. Your bite misses the killer bee.
The killer bee is lightly wounded.
You feel sick.
The killer bee stings you but does no damage.
You hit the killer bee. Your bite misses the killer bee.
The killer bee is lightly wounded.
You feel sick.
The killer bee stings you but does no damage.
You miss the killer bee.
The killer bee is lightly wounded.
The killer bee stings you.
You hit the killer bee but do no damage.
Lightning courses through the killer bee!
Your bite misses the killer bee.
The killer bee is heavily wounded.
You feel sick.
The killer bee stings you but does no damage.
You puncture the killer bee!
The killer bee is almost dead.
The killer bee stings you.
You are more poisoned.
The killer bee poisons you!
You hit the killer bee.
You kill the killer bee!
You feel sick.
You start resting.
You feel sick. x8
You are no longer poisoned.
You start resting.
HP restored.
You start resting.
Magic restored.
You climb downwards.
There is a stone staircase leading up, spattered with blood here.
You barely miss the orc wizard.
The orc wizard hits you but does no damage.
You hit the orc wizard but do no damage.
Your bite misses the orc wizard. You completely miss the orc wizard.
The orc wizard barely misses you.
You closely miss the orc wizard. You closely miss the orc wizard.
The orc wizard hits you but does no damage.
You hit the orc wizard but do no damage.
Lightning courses through the orc wizard!
You kill the orc wizard!
Things that are here:
a +0 dagger; a +0 robe
Items here: ))) [ †.
Okay, then.
Things that are here:
a +0 dagger; a +0 robe
d - 13 poisoned darts (gained 1)
d - 16 poisoned darts (gained 3)
d - 17 poisoned darts (gained 1)
c - a scroll labelled IBUDDO AHUMAPS
H - 2 bubbling purple potions (gained 1)
There is a shaft here.
i - a scroll of identify LobsterGuardian's ghost turns its malevolent gaze towards you.
Iniera's ghost turns its malevolent gaze towards you.
Zonian's ghost turns its malevolent gaze towards you.
Turdburglar's ghost turns its malevolent gaze towards you.
Found a quarterstaff.
Press: ? - help, v - describe, . - travel A runed translucent gate.
Placed new exclusion.
Reduced exclusion size to a single square.
Found a twisted beryl amulet, a giant spiked club and a runed shortbow.
Press: ? - help, v - describe, . - travel
Here: HHeCNeOSiFe's ghost, wielding a weapon of electrocution (fire blocked by a runed translucent door)
The floor.
You enter the shallow water.
Moving in this stuff is going to be slow. 2 gnolls come into view.
The gnoll shouts! x2
A killer bee comes into view.
A gnoll comes into view. It is wielding a +1 whip of distortion.
The killer bee buzzes angrily.
You hear an angry buzzing noise. x2
A killer bee comes into view.
The killer bee completely misses you.
A gnoll comes into view. It is wielding a +0 flail.
The killer bee buzzes angrily.
The gnoll shouts!
You puncture the killer bee!
The killer bee is heavily wounded.
You hear a shout!
The killer bee completely misses you.
You hit the killer bee. Your bite misses the killer bee.
The killer bee is severely wounded.
The killer bee stings you but does no damage.
A killer bee comes into view.
You barely miss the killer bee.
The killer bee buzzes angrily.
Your bite misses the killer bee.
The killer bee is severely wounded.
The killer bee closely misses you.
You barely miss the killer bee.
The killer bee is severely wounded.
A killer bee comes into view.
The killer bee stings you but does no damage.
You puncture the killer bee!
Lightning courses through the killer bee!
You kill the killer bee!
A killer bee comes into view.
You hit the gnoll.
The gnoll is moderately wounded.
A killer bee comes into view.
The gnoll hits you with a +0 club.
The killer bee buzzes angrily.
You hit the gnoll. Lightning courses through the gnoll!!
You kill the gnoll!
You can now pass through a line of other dancers.
You swing at nothing.
You miss the killer bee.
The killer bee stings you but does no damage.
You barely miss the killer bee. The killer bee closely misses you.
You hit the killer bee.
Lightning courses through the killer bee!!
You kill the killer bee!
You miss the killer bee. You bite the killer bee. You drain its power.
You feel invigorated.
The killer bee is lightly wounded.
The killer bee stings you.
You hit the killer bee. Your bite misses the killer bee.
The killer bee is heavily wounded.
The killer bee stings you but does no damage.
Uskayaw will force your foes to helplessly watch your dance.
Uskayaw prepares the audience for your solo!
The helpless killer bee fails to defend itself.
You skewer the killer bee like a kebab!!!
You kill the killer bee!
The troll is no longer paralysed.
You swing at nothing.
You swing at nothing.
The killer bee is no longer paralysed.
The killer bee is no longer paralysed. x2; The gnoll is no longer paralysed.
The killer bee stings you but does no damage.
The killer bee closely misses you.
Things that are here:
a +0 club; a killer bee corpse; a killer bee corpse The helpless gnoll fails to defend itself.
You perforate the gnoll like a sieve!!!
You kill the gnoll!
The killer bee stings you but does no damage.
The killer bee attacks as you move away!
The killer bee stings you but does no damage. x2
Uskayaw prepares the audience for your solo!
The helpless killer bee fails to defend itself.
You spit the killer bee like a pig!!!
Lightning courses through the killer bee!
You kill the killer bee!
Uskayaw will force your foes to share their pain.
Uskayaw links your audience in an emotional bond!
The troll is no longer paralysed.
The killer bee is no longer paralysed. x2
The killer bee barely misses you. The killer bee stings you.
You are poisoned.
The killer bee poisons you! The killer bee barely misses you.
The killer bee stings you.
Things that are here:
a +0 club; a killer bee corpse; a killer bee corpse The killer bee attacks as you move away!
The killer bee stings you but does no damage.
You feel very sick.
The gnoll is no longer paralysed.
The killer bee completely misses you.
You closely miss the killer bee. Your bite misses the killer bee.
You feel sick. The killer bee stings you.
You barely miss the killer bee.
You feel sick.
The killer bee stings you but does no damage.
You closely miss the killer bee.
You feel sick.
The killer bee stings you but does no damage.
You miss the killer bee. Your bite misses the killer bee.
The killer bee barely misses you.
You barely miss the killer bee. You bite the killer bee. You drain its power.
You feel invigorated.
The killer bee is lightly wounded.
You feel sick.
The killer bee stings you but does no damage.
You hit the killer bee. You bite the killer bee.
You kill the killer bee!
You feel sick.
The gnoll is no longer sharing its pain.
Uskayaw will force your foes to share their pain.
You hit the killer bee.
Lightning courses through the killer bee!
You kill the killer bee!
Your Unarmed Combat skill increases to level 1!
You feel sick.
The troll is no longer sharing its pain.
You hit the gnoll. You bite the gnoll!
You kill the gnoll!
You feel sick.
You hit the gnoll. You bite the gnoll, but do no damage.
The gnoll is lightly wounded.
You closely miss the gnoll.
The gnoll is lightly wounded.
You feel sick. The gnoll closely misses you.
You hit the gnoll.
The gnoll is moderately wounded.
You hit the gnoll.
The gnoll is heavily wounded.
You feel sick.
You are no longer poisoned.
The gnoll closely misses you.
You hit the gnoll.
The gnoll is severely wounded.
You hit the gnoll.
You kill the gnoll!
You hit the troll. Your bite misses the troll.
The troll is moderately wounded.
You hit the troll. You bite the troll! You drain its power.
The troll is severely wounded.
The troll bites you. The troll claws you!
The troll claws you but does no damage.
You can now merge with and destroy a victim.
You hit the troll. Your bite misses the troll.
The troll is severely wounded.
You closely miss the troll. You punch the troll, but do no damage.
Your bite misses the troll.
The troll is severely wounded.
The troll bites you. The troll closely misses you.
The troll claws you but does no damage.
You closely miss the troll. You bite the troll. You drain its power.
You feel invigorated.
The troll is severely wounded.
You hit the troll. You bite the troll. You drain its power.
You feel invigorated.
The troll is almost dead.
The troll bites you but does no damage. The troll claws you.
The troll claws you!
You hit the troll.
You kill the troll!
You swing at nothing.
You start resting.
HP restored.
You start resting.
Magic restored.
Items here: ))) [ ††††.
Okay, then.
Things that are here:
a +0 club; a gnoll corpse
Found a pair of boots.
An orc comes into view. It is wielding a +0 war axe.
The orc shouts!
You hear a shout!
An orc priest comes into view. It is wielding a +0 club.
The orc priest shouts!
You hit the orc. You bite the orc.
You kill the orc!
An orc wizard comes into view. It is wielding a +0 dagger.
The orc wizard shouts!
An orc warrior comes into view. It is wielding a +0 hand axe.
You see here a +0 war axe.
An orc comes into view. It is wielding a +0 hand axe.
Found a potion of curing.
The orc shouts!
You hear a shout!
The orc moves out of view.
You barely miss the orc priest. Your bite misses the orc priest.
The orc priest hits you but does no damage.
You puncture the orc priest!
Lightning courses through the orc priest!
You kill the orc priest!
You barely miss the orc wizard. Your punch misses the orc wizard.
You bite the orc wizard!
The orc wizard's magic leaks into the air.
You drain its magic.
The orc wizard is severely wounded.
The orc wizard hits you but does no damage.
You can now pass through a line of other dancers.
You hit the orc warrior.
Lightning courses through the orc warrior!
You bite the orc warrior, but do no damage.
The orc warrior is severely wounded.
You hit the orc warrior.
The orc warrior is severely wounded.
A gnoll sergeant comes into view. It is wielding a +4 antimagic trident.
The orc wizard hits you with a +0 dagger.
The orc warrior closely misses you.
Uskayaw will force your foes to helplessly watch your dance.
Uskayaw prepares the audience for your solo!
The helpless orc warrior fails to defend itself.
You perforate the orc warrior like a sieve!!!
You kill the orc warrior!
The helpless orc wizard fails to defend itself.
You stick the orc wizard like a pincushion!!!
Lightning courses through the orc wizard!!
You kill the orc wizard!
Items here: )) [ ††.
The helpless orc fails to defend itself.
You perforate the orc like a sieve!!! Lightning courses through the orc!
You kill the orc!
Things that are here:
a +0 hand axe; a +0 leather armour The gnoll sergeant hits you but does no damage.
You see here a potion of curing.
You hit the gnoll sergeant but do no damage.
You bite the gnoll sergeant, but do no damage.
The gnoll sergeant hits you but does no damage.
You hit the gnoll sergeant but do no damage.
You bite the gnoll sergeant, but do no damage.
You hit the gnoll sergeant.
Lightning courses through the gnoll sergeant!
Your bite misses the gnoll sergeant.
The gnoll sergeant is heavily wounded.
The wight hits you with a +0 scimitar!
The gnoll sergeant hits you with a +4 antimagic trident.
Uskayaw will force your foes to share their pain.
Uskayaw links your audience in an emotional bond!
You hit the gnoll sergeant.
Lightning courses through the gnoll sergeant!
You kill the gnoll sergeant!
You hit the wight but do no damage. Lightning courses through the wight!
You destroy the wight!
Uskayaw links your audience in an emotional bond!
Uskayaw prepares the audience for your solo!
The helpless wight fails to defend itself.
You stick the wight like a pincushion!!!
You destroy the wight!
Uskayaw will force your foes to share their pain.
Your Dodging skill increases to level 2!
Things that are here:
a +0 short sword; a +0 robe; a scroll of identify The helpless wight fails to defend itself.
You stick the wight like a pincushion!!!
You destroy the wight!
You now have 717 gold pieces (gained 17).
Things that are here:
a +0 scimitar; a +0 ring mail
i - 2 scrolls of identify (gained 1)
Things that are here:
a +0 short sword; a +0 robe You now have 733 gold pieces (gained 16).
Things that are here:
a +4 antimagic trident; a +0 ring mail
U - 2 potions of curing (gained 1)
You can no longer pass through a line of other dancers.
You now have 751 gold pieces (gained 18).
Things that are here:
a +0 scimitar; a +0 robe
As you read the scroll of identify, it crumbles to dust.
c - a scroll of enchant armour A wraith comes into view.
You hit the wraith. You bite the wraith, but do no damage.
The wraith is lightly damaged.
You hit the wraith. Lightning courses through the wraith! You bite the wraith!
You drain its power.
The wraith is severely damaged.
The wraith hits you. The wraith drains your vigour!
You feel yourself slow down.
You hit the wraith.
The wraith is almost destroyed.
You can now pass through a line of other dancers.
You hit the wraith.
You destroy the wraith!
No target in view!
Found a +0 robe.
You feel yourself speed up.
Found a stone staircase leading up.
Found 4 stones.
Found a dagger.
An orc wizard and 2 orcs come into view.
The orc wizard is wielding a +2 dagger of electrocution.
Found a stone staircase leading down.
The orc wizard shouts!
The orc shouts! x2; You hear a shout! x2
An orc priest comes into view. It is wielding a +0 whip.
An orc comes into view. It is wielding a +0 mace.
You closely miss the orc. The orc hits you with a +0 hand axe.
You closely miss the orc. The orc attacks as you move away!
The orc hits you with a +0 hand axe.
The orc priest mumbles some strange prayers to Beogh against you.
Beogh smites you!
You closely miss the orc. Your bite misses the orc.
The orc hits you but does no damage.
You hit the orc.
The orc is severely wounded.
You hit the orc but do no damage. Your bite misses the orc.
The orc is severely wounded.
The orc hits you but does no damage.
You barely miss the orc. Your bite misses the orc.
The orc is severely wounded.
You hit the orc. Lightning courses through the orc!!
You kill the orc!
You closely miss the orc. You bite the orc.
You kill the orc!
You barely miss the orc. You hit the orc. You punch the orc.
You kill the orc!
You hit the orc wizard but do no damage.
Your bite misses the orc wizard.
The orc wizard points at you and mumbles some strange words.
The puff of flame misses you.
You completely miss the orc wizard. Your bite misses the orc wizard.
You hit the orc wizard. You bite the orc wizard!
The orc wizard's magic leaks into the air.
You drain its magic.
You feel invigorated.
The orc wizard is severely wounded.
You can now pass through a line of other dancers.
You hit the orc wizard. Your bite misses the orc wizard.
The orc wizard is severely wounded.
You puncture the orc wizard!
Lightning courses through the orc wizard!
You kill the orc wizard!
You hit the orc priest but do no damage.
You barely miss the orc priest. Your bite misses the orc priest.
The orc priest barely misses you.
You hit the orc priest.
Lightning courses through the orc priest!
Your bite misses the orc priest.
The orc priest is severely wounded.
You barely miss the orc priest. You bite the orc priest.
You kill the orc priest!
Uskayaw will force your foes to helplessly watch your dance.
Items here: )) [[ †.
Items here: ))) [[ ††.
k - a +2 dagger of electrocution
Items here: )) [[ †.
You now have 768 gold pieces (gained 17).
You now have 789 gold pieces (gained 21).
A yak comes into view.
The yak bellows!
A yak comes into view.
The yak bellows!
You hear a bellow!
You hit the yak. Lightning courses through the yak!
The yak is heavily wounded.
You completely miss the yak. You bite the yak. You drain its power.
The yak is severely wounded.
A yak comes into view.
The yak gores you.
You can now pass through a line of other dancers.
The yak bellows!
You hit the yak.
The yak is severely wounded.
You hit the yak but do no damage. You bite the yak. You drain its power.
You feel invigorated.
The yak is almost dead.
The yak gores you.
A yak comes into view.
You completely miss the yak.
The yak bellows!
You punch the yak. Your bite misses the yak.
The yak is almost dead.
You hit the yak. Lightning courses through the yak!
You kill the yak!
You hit the yak.
The yak is lightly wounded.
You barely miss the yak. Your bite misses the yak.
The yak is lightly wounded.
The yak gores you.
You closely miss the yak.
The yak is lightly wounded.
You barely miss the yak. Your bite misses the yak.
The yak is lightly wounded.
A yak comes into view.
The yak gores you!
You hit the yak but do no damage.
The yak is lightly wounded.
You hit the yak but do no damage. You bite the yak, but do no damage.
The yak is lightly wounded.
The yak gores you!
You barely miss the yak. You bite the yak, but do no damage.
The yak is lightly wounded.
You hit the yak. You bite the yak. You drain its power.
You feel invigorated.
The yak is moderately wounded.
The yak barely misses you.
Uskayaw will force your foes to helplessly watch your dance.
Uskayaw prepares the audience for your solo!
The helpless yak fails to defend itself.
You stick the yak like a pincushion!!!
You kill the yak!
Your Armour skill increases to level 2!
You swing at nothing.
The yak is no longer paralysed.
You see here a yak corpse.
The helpless yak fails to defend itself.
You impale the yak!! Lightning courses through the yak!
You kill the yak!
Uskayaw will force your foes to share their pain.
Uskayaw links your audience in an emotional bond!
The helpless yak fails to defend itself.
You impale the yak!!
You kill the yak!
You can now merge with and destroy a victim.
Your Unarmed Combat skill increases to level 2!
You hit the yak but do no damage. You bite the yak. You drain its power.
The yak is heavily wounded.
You hit the yak. Lightning courses through the yak!
You kill the yak!
You see here a yak corpse.
Iniera's ghost turns its malevolent gaze towards you.
Turdburglar's ghost turns its malevolent gaze towards you.
HHeCNeOSiFe's ghost turns its malevolent gaze towards you.
You enter the shallow water.
Moving in this stuff is going to be slow.
You enter the shallow water.
Moving in this stuff is going to be slow.
You enter the shallow water.
Moving in this stuff is going to be slow.
There is a shaft here.
You enter the shallow water.
Moving in this stuff is going to be slow.
Items here: ))) [.
You see here a +0 club.
Found a stone staircase leading down.
You now have 811 gold pieces (gained 22).
There is a stone staircase leading down here.
r - 3 pink potions (gained 1)
Found 2 stones.
Partly explored, can't reach some items and places.
Partly explored, can't reach some items and places.
Unknown command.
There is a stone staircase leading down here.
Unknown command.
As you read the scroll labelled GUAXECL TYIM, it crumbles to dust.
You feel strangely unstable.
It was a scroll of teleportation.
You start waiting.
Your surroundings suddenly seem different.
Things that are here:
a +0 short sword; a +0 robe
Things that are here:
a +0 dagger; a +0 robe; a +0 club
Things that are here:
a +0 hand axe; a +0 chain mail
Items here: )) [[.
Items here: )) [[.
There is a stone staircase leading down here.
As you read the scroll of identify, it crumbles to dust.
t - 3 scrolls of amnesia Search for what [Enter for "d:", or ? for help]? throw Unknown command.
You climb downwards.
Found a crooked iron wand.
Found a stone staircase leading up.
There is a stone staircase leading up here.
i - a wand of digging (4)
Found an amulet of regeneration.
n - a scroll labelled YLEUFF ABITUI A yak comes into view.
The yak bellows!
You hear a bellow!
A yak comes into view.
There is a stone staircase leading up here.
The yak gores you but does no damage.
You climb upwards.
Level annotation: 3 runed translucent doors, exclusion: 3 doors, HHeCNeOSiFe's ghost, journeyman VSBe; Iniera's ghost, novice DgCj; LobsterGuardian's ghost, novice NaWr; Zonian's ghost, novice VSGl; turdburglar's ghost, journeyman GrRe
There is a stone staircase leading down here.
You hit the yak. Your bite misses the yak.
The yak is lightly wounded.
You hit the yak. You punch the yak.
The yak is lightly wounded.
The yak gores you but does no damage.
You hit the yak but do no damage. Lightning courses through the yak!
Your bite misses the yak.
The yak is heavily wounded.
You hit the yak but do no damage. Lightning courses through the yak!
The yak is almost dead.
The yak barely misses you.
You can now pass through a line of other dancers.
You hit the yak but do no damage. You bite the yak.
You kill the yak!
No target in view!
You climb downwards.
The yak completely misses you.
There is a stone staircase leading up here.
You hit the yak but do no damage. You punch the yak. Your bite misses the yak.
The yak is lightly wounded.
The yak gores you!
You hit the yak. Lightning courses through the yak!
You bite the yak, but do no damage.
The yak is heavily wounded.
Uskayaw will force your foes to helplessly watch your dance.
Uskayaw prepares the audience for your solo!
The helpless yak fails to defend itself.
You stick the yak like a pincushion!!!
You kill the yak!
No target in view!
You start resting.
HP restored.
Magic restored.
There is a stone staircase leading up here.
You pick up a book of Debilitation and begin reading...
You add the spells Slow, Vampiric Draining and Confusing Touch to your library.
Found a transporter.
The deep troll shouts!
You now have 822 gold pieces (gained 11).
A yak comes into view.
A yak comes into view.
You hit the yak. Lightning courses through the yak!
The yak is moderately wounded.
You hit the yak. You bite the yak, but do no damage.
The yak is heavily wounded.
The yak barely misses you.
You hit the yak but do no damage. Lightning courses through the yak!!
You bite the yak, but do no damage.
The yak is almost dead.
You can now pass through a line of other dancers.
You hit the yak but do no damage. Lightning courses through the yak!
You kill the yak!
Found a chain mail.
You barely miss the yak. You hit the yak. Lightning courses through the yak!
You bite the yak. You drain its power.
The yak is moderately wounded.
The yak closely misses you.
You hit the yak but do no damage. Lightning courses through the yak!!
You bite the yak, but do no damage.
The yak is almost dead.
Uskayaw will force your foes to helplessly watch your dance.
Uskayaw prepares the audience for your solo!
The helpless yak fails to defend itself.
You spit the yak like a pig!!!
You kill the yak!
No target in view!
A yak comes into view.
The yak bellows!
A yak comes into view. 2 yaks come into view.
The moth of wrath's fur bristles in rage as it notices you.
The yak bellows! x2; You hear a bellow!
Uskayaw prepares the audience for your solo!
The yak is no longer paralysed.
A yak comes into view.
The yak bellows!
You hear a bellow!
The yak is no longer paralysed. x3
A yak comes into view. x2
You barely miss the yak.
The troll shouts!
You closely miss the yak. The yak gores you.
You hit the yak but do no damage. Your punch misses the yak. You bite the yak!
You drain its power.
You feel invigorated.
The yak is moderately wounded.
Uskayaw will force your foes to helplessly watch your dance.
You hit the yak. Your bite misses the yak.
The yak is moderately wounded.
The yak gores you!
You puncture the yak!
The yak is heavily wounded.
You barely miss the yak. You bite the yak, but do no damage.
The yak is heavily wounded.
The yak gores you!
You hit the yak but do no damage. You bite the yak. You drain its power.
You feel invigorated.
The yak is heavily wounded.
You hit the yak. You bite the yak. You drain its power.
The yak is severely wounded.
The yak gores you!
Uskayaw will force your foes to share their pain.
Uskayaw links your audience in an emotional bond!
You hit the yak.
The yak is almost dead.
You hit the yak but do no damage. Lightning courses through the yak!
You kill the yak! x3
Your Fighting skill increases to level 9!
You hit the yak.
You kill the yak!
You closely miss the yak. You bite the yak! You drain its power.
You feel invigorated.
The yak is moderately wounded.
A yak comes into view.
The yak attacks as you move away! The yak closely misses you.
The yak attacks as you move away! The yak gores you!
An acid dragon comes into view.
The yak bellows!
The acid dragon roars!
The yak closely misses you. The acid dragon spits acid at you.
The splash of acid hits you!! The acid corrodes you! The yak gores you! x2
* * * LOW HITPOINT WARNING * * *
The yak attacks as you move away! The yak gores you.
* * * LOW HITPOINT WARNING * * *
The yak attacks as you move away! The yak gores you!
* * * LOW HITPOINT WARNING * * *
You see here a yak corpse.
As you read the scroll of teleportation, it crumbles to dust.
You feel strangely unstable. The yak closely misses you.
The yak barely misses you.
The yak is no longer sharing its pain.
The yak attacks as you move away! The yak gores you!
You die...

Skill      XL: |  1  2  3  4  5  6  7  8  9 10 11 |
---------------+----------------------------------+-----
Short Blades   | 2 3 4 5 6 7 9 10 | 10.0
Fighting       | 2 3 4 5 6 8 9 |  9.0
Invocations    | 1 2 3 5 6 8 9 |  9.6
Armour         | 2 |  2.6
Dodging        | 2 |  2.8
Stealth        | 5 |  5.0
Unarmed Combat | 2 |  2.7
Throwing       | |  1.7

Action                     |  1- 3 |  4- 6 |  7- 9 | 10-12 || total
---------------------------+-------+-------+-------+-------++-------
  Melee: Dagger            |   107 |   259 |   207 |       ||   573
         Bite              |    21 |    77 |   116 |    99 ||   313
         Punch             |     2 |     2 |     2 |     9 ||    15
         Short sword       |       |       |    95 |   340 ||   435
  Throw: Dart              |       |    11 |    15 |    12 ||    38
    Use: Scroll            |       |       |     7 |     4 ||    11
         Potion            |       |       |       |     1 ||     1
   Stab: Sleeping          |     5 |     6 |       |       ||    11
         Paralysed         |       |     4 |    13 |    21 ||    38
 Armour: Robe              |    12 |       |       |       ||    12
         Scale mail        |    12 |       |       |       ||    12
         Ring mail         |     8 |    98 |       |       ||   106
         Chain mail        |       |       |   135 |    84 ||   219
  Dodge: Dodged            |    54 |   114 |    59 |    60 ||   287
         Repelled          |       |       |     4 |       ||     4

Levels and vault maps discovered:
D:1:      dpeg_arrival_short_road, layout_loops_ring, minivault_5
D:2:      layout_basic, kennysheep_potato
D:3:      minmay_goblin_kobold_castle, layout_basic, old_standard_altar,
          minmay_misc_feat_enclosed, minmay_misc_feat_columns, uniq_robin
D:4:      layout_cave_pools, minmay_temple_entry_drinking_statues,
          minmay_small_thing
D:5:      layout_rooms, lemuel_crystal_altar, zin_angel,
          corexii_mini_fake_secret_closet
D:6:      layout_rooms
D:7:      layout_loops_ring, lemuel_tele_altar, tgw_trog,
          mainiacjoe_overflow_alcove_4, ebering_ghost_disaster_area,
          uniq_joseph, uniq_prince_ribbit1, uniq_duvessa
D:8:      layout_loops_corners, hellmonk_okawaru_the_only_friend_you_need,
          overflow_temple_1_default, hellmonk_lair_entry_icy,
          doesnt_shop_hydraphobe, uniq_maurice, uniq_pikel, uniq_gastronok,
          uniq_erica
D:9:      layout_small_grid, gammafunk_ghost_cemetery,
          nicolae_kite_square_tiling_tiny, nicolae_sextant, serial_bayou_pond_c
D:10:     layout_rooms, erik_orc_1, gammafunk_ghost_wrathful_warriors

Notes
Turn   | Place    | Note
-------+----------+-------------------------------------------
     0 | D:1      | scionoferis the Vine Stalker Brigand began the quest for
                  | the Orb.
     0 | D:1      | Reached XP level 1. HP: 11/11 MP: 2/2
   103 | D:1      | Reached skill level 2 in Short Blades
   200 | D:1      | Reached skill level 2 in Fighting
   200 | D:1      | Reached XP level 2. HP: 7/15 MP: 1/3
   951 | D:2      | Reached XP level 3. HP: 11/18 MP: 2/4
  1184 | D:2      | Reached skill level 3 in Short Blades
  1584 | D:2      | Gained mutation: Your natural rate of healing is unusually
                  | fast. [Vine Stalker growth]
  1584 | D:2      | Reached XP level 4. HP: 23/23 MP: 5/5
  1998 | D:3      | Found a hide-covered altar of Uskayaw.
  2019 | D:3      | Became a worshipper of Uskayaw the Reveller
  2049 | D:3      | Reached * piety under Uskayaw
  2471 | D:3      | Noticed Robin
  2487 | D:3      | Reached ** piety under Uskayaw
  2489 | D:3      | Killed Robin
  2489 | D:3      | Reached *** piety under Uskayaw
  2491 | D:3      | Reached XP level 5. HP: 28/28 MP: 6/6
  2803 | D:3      | Noticed a kobold brigand
  2826 | D:3      | Killed a kobold brigand
  2827 | D:3      | Reached skill level 3 in Fighting
  2827 | D:3      | Reached skill level 4 in Short Blades
  2827 | D:3      | Reached skill level 1 in Invocations
  3002 | D:3      | Reached XP level 6. HP: 32/32 MP: 8/8
  3209 | D:3      | Reached skill level 2 in Invocations
  3211 | D:3      | Reached **** piety under Uskayaw
  3433 | D:4      | Found a staircase to the Ecumenical Temple.
  3472 | D:4      | You fall into a shaft and drop 3 floors!
  3475 | D:7      | Noticed a water moccasin
  3481 | D:7      | Noticed a moth of wrath
  3525 | D:7      | Reached skill level 5 in Short Blades
  3538 | D:7      | Reached XP level 7. HP: 35/37 MP: 6/9
  3661 | D:5      | Entered Level 5 of the Dungeon
  3787 | D:4      | Reached skill level 4 in Fighting
  3787 | D:4      | Reached skill level 3 in Invocations
  4228 | D:5      | Reached skill level 6 in Short Blades
  4252 | D:5      | Found an opulent altar of Gozag.
  4295 | D:5      | Gained mutation: You have razor-sharp teeth. [Vine Stalker
                  | growth]
  4295 | D:5      | Reached XP level 8. HP: 42/42 MP: 11/11
  4558 | D:5      | Found a glowing silver altar of Zin.
  4558 | D:5      | Noticed an angel
  4745 | D:6      | Reached skill level 4 in Invocations
  4871 | D:6      | Reached skill level 5 in Fighting
  4871 | D:6      | Reached skill level 7 in Short Blades
  4919 | D:6      | Identified the +6 mace "Ycia" {pain, *Rage Fragile rCorr
                  | SInv}
  5174 | D:7      | Noticed Joseph
  5184 | D:7      | Killed Joseph
  5185 | D:7      | Reached skill level 5 in Invocations
  5185 | D:7      | Reached XP level 9. HP: 47/47 MP: 11/13
  5290 | D:7      | Noticed Duvessa
  5290 | D:7      | Noticed Dowan
  5298 | D:7      | Killed Duvessa
  5299 | D:7      | Reached skill level 8 in Short Blades
  5302 | D:7      | Killed Dowan
  5479 | D:7      | Found an ancient bone altar of Kikubaaqudgha.
  5548 | D:7      | Found a large runed translucent door.
  5551 | D:7      | Found a large runed translucent door.
  5555 | D:7      | Noticed Danienth's ghost (novice DsGl)
  5849 | D:7      | Found a stormy altar of Qazlal.
  5911 | D:7      | Reached skill level 6 in Fighting
  5973 | D:7      | Noticed Prince Ribbit
  6003 | D:7      | Killed Prince Ribbit
  6019 | D:7      | Found a bloodstained altar of Trog.
  6124 | D:8      | Found Pyomm's Hydra Hut.
  6139 | D:8      | Noticed a seven-headed hydra
  6172 | D:8      | Reached skill level 6 in Invocations
  6205 | D:8      | Noticed a rime drake
  6222 | D:8      | Killed a rime drake
  6223 | D:8      | Reached skill level 9 in Short Blades
  6328 | D:8      | Reached XP level 10. HP: 51/53 MP: 13/15
  6464 | D:8      | Identified the +4 short sword "Eshon" {freeze, *Corrode rF+
                  | SInv}
  6690 | D:8      | Found a staircase to the Lair.
  6693 | D:8      | Found a hazy altar of Hepliaklqana.
  6825 | D:8      | Noticed Gastronok
  6886 | D:8      | Killed Gastronok
  6887 | D:8      | Reached skill level 7 in Fighting
  6887 | D:8      | Reached skill level 10 in Short Blades
  6887 | D:8      | Reached skill level 7 in Invocations
  6927 | D:8      | Noticed Maurice
  6935 | D:8      | Killed Maurice
  6993 | D:8      | Reached skill level 8 in Invocations
  7004 | D:8      | Reached ***** piety under Uskayaw
  7102 | D:8      | Noticed Pikel
  7117 | D:8      | Killed Pikel
  7120 | D:8      | Reached skill level 8 in Fighting
  7142 | D:8      | Found an iron altar of Okawaru.
  7285 | D:8      | Noticed Erica
  7295 | D:8      | Killed Erica
  7296 | D:8      | Reached XP level 11. HP: 54/60 MP: 18/18
  7459 | D:9      | Noticed a two-headed ogre
  7467 | D:9      | Killed a two-headed ogre
  7468 | D:9      | Reached skill level 1 in Armour
  7468 | D:9      | Reached skill level 1 in Dodging
  7468 | D:9      | Reached skill level 5 in Stealth
  7468 | D:9      | Reached skill level 9 in Invocations
  7802 | D:9      | Found a runed translucent gate.
  7802 | D:9      | Found a runed translucent gate.
  7802 | D:9      | Noticed LobsterGuardian's ghost (novice NaWr)
  7802 | D:9      | Noticed Zonian's ghost (novice VSGl)
  7803 | D:9      | Found a runed translucent gate.
  7803 | D:9      | Noticed Iniera's ghost (novice DgCj)
  7803 | D:9      | Noticed turdburglar's ghost (journeyman GrRe)
  7803 | D:9      | Noticed HHeCNeOSiFe's ghost (journeyman VSBe)
  7897 | D:9      | Reached skill level 1 in Unarmed Combat
  8005 | D:9      | Reached skill level 2 in Dodging
  8216 | D:9      | Reached skill level 2 in Armour
  8220 | D:9      | Reached skill level 2 in Unarmed Combat
  8610 | D:10     | Entered Level 10 of the Dungeon
  8698 | D:10     | Found a transporter.
  8703 | D:10     | Noticed a deep troll
  8726 | D:10     | Noticed a moth of wrath
  8739 | D:10     | Reached skill level 9 in Fighting
  8740 | D:10     | Noticed hwolsky's ghost (novice DrCj)
  8743 | D:10     | HP: 1/62 [yak (8)]
  8746 | D:10     | Slain by a yak

Vanquished Creatures
  Gastronok (D:8)
  Erica (D:8)
  A two-headed ogre (D:9)
  Pikel (D:8)
  Joseph (D:7)
  Maurice (D:8)
  A rime drake (D:8)
  A troll (D:9)
  Prince Ribbit (D:7)
  A wyvern (D:8)
  A wraith (D:9)
  13 yaks (D:9 D:10)
  A steam dragon (D:8)
  Duvessa (D:7)
  A water moccasin (D:7)
  3 orc warriors (D:4 D:8 D:9)
  3 ice beasts (D:8)
  An ogre (D:4)
  A wolf (D:8)
  A centaur (D:8)
  3 phantoms (D:5 D:6 D:7)
  4 kobold brigands (D:3 D:8)
  A gnoll sergeant (D:9)
  6 bullfrogs (D:6 D:7 D:8 D:9)
  8 wights (D:7 D:8 D:9)
  5 scorpions (D:5 D:6 D:7)
  Dowan (D:7)
  16 killer bees (D:7 D:8 D:9)
  4 howler monkeys (D:4 D:8)
  A hound (D:6)
  3 orc priests (D:8 D:9)
  3 sleepcaps (D:6 D:7 D:8)
  2 iguanas (D:4 D:5)
  8 orc wizards (D:5 D:8 D:9)
  Robin (D:3)
  6 adders (D:2 D:3 D:4 D:5)
  8 gnolls (D:3 D:9)
  A white imp (D:7)
  An ufetubus (D:5)
  4 worms (D:2 D:5)
  3 dart slugs (D:2 D:3)
  24 orcs (D:2 D:5 D:4 D:8 D:9)
  2 bats (D:1 D:2)
  5 endoplasms (D:1 D:2 D:3)
  2 giant cockroaches (D:2 D:3)
  9 goblins (D:1 D:2 D:3)
  16 hobgoblins (D:1 D:2 D:3 D:4)
  4 jackals (D:1)
  5 quokkas (D:1 D:3 D:4)
  7 ball pythons (D:1 D:2 D:3 D:4)
  3 frilled lizards (D:1 D:2 D:3)
  61 kobolds (D:1 D:2 D:3 D:4 D:8)
  8 rats (D:1 D:2 D:3 D:7)
271 creatures vanquished.

Vanquished Creatures (others)
  A plant (D:8)
1 creature vanquished.

Grand Total: 272 creatures vanquished

Table legend: (Time is in decaauts)
 A = Elapsed time spent in this place.
 B = Non-inter-level travel time spent in this place.
 C = Inter-level travel time spent in this place.
 D = Time resting spent in this place.
 E = Time spent auto-exploring this place.
 F = Levels seen in this place.
 G = Mean time per level.
                   A        B        C        D        E       F      G
               +--------+--------+--------+--------+--------+-----+--------+
         Total |   8407 |   8109 |    298 |    236 |   5467 |  10 |  840.7 |
       Dungeon |   8407 |   8109 |    298 |    236 |   5467 |  10 |  840.7 |
               +--------+--------+--------+--------+--------+-----+--------+

Top non-repeatable levels by time:
     D:3: 1451 daAuts
     D:8: 1351 daAuts
     D:7: 1055 daAuts
     D:9: 994 daAuts
     D:2: 899 daAuts
     D:1: 876 daAuts
     D:5: 649 daAuts
     D:4: 575 daAuts
     D:6: 436 daAuts
    D:10: 117 daAuts

Table legend:
 A = Non-vault XP
 B = Vault XP
 C = Vault XP percentage of total XP
 D = Non-vault monster count
 E = Vault monster count
 F = Vault count percentage of total count
                 A         B        C        D         E       F
            +---------+---------+-------+---------+---------+-------
      Total |    9423 |    5845 |  38.3 |     190 |      81 |  29.9
            +---------+---------+-------+---------+---------+-------
        D:1 |      23 |       0 |   0.0 |      14 |       0 |   0.0
        D:2 |      78 |       6 |   7.1 |      22 |       3 |  12.0
        D:3 |      48 |     353 |  88.0 |      15 |      59 |  79.7
        D:4 |     255 |     141 |  35.6 |      15 |       1 |   6.2
        D:5 |     370 |       0 |   0.0 |      11 |       0 |   0.0
        D:6 |     528 |       0 |   0.0 |       7 |       0 |   0.0
        D:7 |    1130 |     950 |  45.7 |      16 |       9 |  36.0
        D:8 |    1729 |    4395 |  71.8 |      46 |       9 |  16.4
        D:9 |    3773 |       0 |   0.0 |      37 |       0 |   0.0
       D:10 |    1489 |       0 |   0.0 |       7 |       0 |   0.0
            +---------+---------+-------+---------+---------+-------
